 Dungeon Crawl Stone Soup version 0.28-a0-1038-g9c4cb8273d (webtiles) character file.

Game seed: 9085805976764087615

11240 Majang the Cleaver (level 11, -5/95 HPs)
             Began as a Ghoul Gladiator on Dec 8, 2021.
             Was a High Priest of Okawaru.
             Slain by a wraith (7 damage)
             ... led by a death knight
             ... on level 11 of the Dungeon.
             The game lasted 00:38:07 (13885 turns).

Majang the Cleaver (Ghoul Gladiator)               Turns: 13885, Time: 00:38:08

Health: -5/95      AC: 22    Str: 23    XL:     11   Next: 74%
Magic:  0/14       EV: 14    Int:  3    God:    Okawaru [*****.]
Gold:   197        SH:  0    Dex: 10    Spells: 10/10 levels left

rFire   . . .      SeeInvis .   a - +0 war axe (chaos)
rCold   + . .      Faith    .   (no shield)
rNeg    + + +      Spirit   +   j - +0 plate armour
rPois   ∞          Reflect  .   c - +1 helmet
rElec   .          Harm     .   h - +2 cloak
rCorr   .          Rampage  .   D - +0 pair of gloves
Will    .....                   (no boots)
Stlth   ..........              t - amulet of guardian spirit
HPRegen 0.00/turn               y - +4 ring of evasion
MPRegen 0.14/turn               E - ring of flight

@: about to teleport, heroic, flying, inhibited regen, slowed, very slow
A: claws 1, cold resistance 1, negative energy resistance 3, inhibited
regeneration, torment resistance 2
a: Renounce Religion, Heroism, Finesse, Duel


You were on level 11 of the Dungeon.
You worshipped Okawaru.
Okawaru was extremely pleased with you.
You visited 2 branches of the dungeon, and saw 12 of its levels.

You collected 467 gold pieces.
You spent 270 gold pieces at shops.

Inventory:

Hand Weapons
 a - a +0 war axe of chaos (weapon)
 A - a +1 flail
Missiles
 b - 114 poisoned darts
 i - 8 javelins
 q - 6 datura-tipped darts
 v - 17 boomerangs (quivered)
 C - 4 curare-tipped darts
Armour
 c - a +1 helmet (worn)
 h - a +2 cloak (worn)
 j - a +0 plate armour (worn)
 D - a +0 pair of gloves (worn)
Jewellery
 p - an amulet of magic regeneration
 t - an amulet of guardian spirit (around neck)
 y - a +4 ring of evasion (left hand)
 E - a ring of flight (right hand)
Wands
 n - a wand of paralysis (5)
 x - a wand of acid (2)
 z - a wand of polymorph (2)
 G - a wand of flame (19)
Scrolls
 e - 2 scrolls of teleportation
 f - 2 scrolls of enchant armour
 o - 3 scrolls of fog
 s - a scroll of silence
 u - a scroll of magic mapping
 B - a scroll of acquirement {unknown}
 F - a scroll of amnesia
Potions
 g - 2 potions of curing
 k - a potion of ambrosia
 l - a potion of magic
 m - a potion of attraction
 w - a potion of degeneration {unknown}
 H - a potion of lignification {unknown}


   Skills:
 + Level 8.8(13.8) Fighting
 * Level 10.6(15.6) Axes
 + Level 6.1(11.1) Throwing
 + Level 5.8(10.8) Armour
 + Level 6.4(11.4) Dodging
 + Level 5.7 Invocations


You had 10 spell levels left.
You didn't know any spells.
Your spell library contained the following spells:

 Spells                   Type           Power      Damage    Failure   Level
 Slow                     Hex            0%         N/A       100%        1
 Ensorcelled Hibernation  Hex/Ice        0%         N/A       100%        2
 Static Discharge         Conj/Air       0%         N/A       100%        2
 Confusing Touch          Hex            0%         N/A       100%        3
 Dispel Undead            Necr           0%         3d6       100%        4
 Sticky Flame             Conj/Fire      0%         2d3       100%        4
 Fireball                 Conj/Fire      0%         3d3       100%        5
 Yara's Violent Unravell  Hex/Tmut       0%         3d3       100%        5
 Starburst                Conj/Fire      0%         6d3       100%        6
 Ignition                 Fire           0%         3d3       100%        8
 Tukima's Dance           Hex            Unusable   N/A       N/A         3

Dungeon Overview and Level Annotations

Branches:
Dungeon (11/15)            Temple (1/1) D:6            Lair (0/6) D:8
    Orc (0/2) D:10

Altars:
Ashenzari
Cheibriados
Dithmenos
Elyvilon
Fedhas
Gozag
Hepliaklqana
Kikubaaqudgha
Makhleb
Nemelex Xobeh
Okawaru
Qazlal
Ru
Sif Muna
Trog
Uskayaw
Vehumet
Wu Jian
Xom
Yredelemnul
Zin
The Shining One

Shops:
D:9 [   D:11 *


Innate Abilities, Weirdness & Mutations

You thrive by killing the living.
You are immune to poison.
You have sharp fingernails.
Your flesh is cold resistant. (rC+)
You are immune to negative energy. (rN+++)
You do not regenerate when monsters are visible.
You are immune to unholy pain and torment.


Message History

The wraith barely misses you.
The skeletal warrior hits you with a +0 trident!
There is a stone staircase leading up here.
The skeletal warrior hits you with a +0 trident!
The wraith misses you.
You fly upwards.
There is a stone staircase leading down here.
The skeletal warrior barely misses you. The wraith hits you!
The wraith drains your vigour!
You feel yourself slow down.
You fly downwards.
The skeletal warrior hits you with a +0 long sword!
The skeletal warrior barely misses you. x2
There is a stone staircase leading up here.
You gain the combat prowess of a mighty hero.
The skeletal warrior hits you with a +0 trident!
* * * LOW HITPOINT WARNING * * *
The skeletal warrior hits you with a +0 long sword!
* * * LOW HITPOINT WARNING * * *
The wraith hits you but does no damage.
The skeletal warrior closely misses you.
You feel much better.
The skeletal warrior hits you with a +0 long sword.
* * * LOW HITPOINT WARNING * * *
The wraith hits you but does no damage.
The skeletal warrior hits you with a +0 trident!
* * * LOW HITPOINT WARNING * * *
The wraith hits you but does no damage.
The skeletal warrior hits you with a +0 long sword.
* * * LOW HITPOINT WARNING * * *
You hit the skeletal warrior but do no damage.
You closely miss the wraith. You hit the skeletal warrior.
The skeletal warrior hits you but does no damage.
The skeletal warrior hits you with a +0 long sword!
* * * LOW HITPOINT WARNING * * *
The wraith misses you.
As you read the scroll of teleportation, it crumbles to dust.
You feel strangely unstable. The skeletal warrior misses you.
The skeletal warrior closely misses you.
The wraith hits you!
You die...

########.###..# ##########
###.# #.# #..# #.W..p.zW. ....#
#.# #..###### #z######## ###.#
#.# #.......# #.# #.# #.#
#.....#.# #p#
###.####.###.....#.# #†#
.........#.......#.# #.#
###.######.##..z.#.#####.######
....# #.....z@W..............
##### ####..###.#####.#######
##...z.# #.# ####### #.# #.#
#.# #.. ##


You could see 2 skeletal warriors and a wraith.

Vanquished Creatures
  A two-headed ogre (D:8)
  An ugly thing (D:11)
  A cyclops (D:11)
  A torpor snail (shapeshifter) (D:10)
  A yaktaur (shapeshifter) (D:10)
  A freezing wraith (D:11)
  3 trolls
  A shadow (D:9)
  Sigmund (D:6)
  8 yaks
  3 steam dragons
  A wyvern (D:9)
  Eustachio (D:3)
  2 vampire mosquitoes (D:11)
  An acid dragon (D:11)
  A water moccasin (D:7)
  7 orc warriors
  A hornet zombie (D:8)
  A necrophage (D:3)
  4 ogres
  3 centaurs
  2 wolves (D:8)
  7 kobold brigands
  3 bullfrogs
  4 gnoll sergeants
  A scorpion (D:4)
  2 wyvern skeletons (D:7)
  20 killer bees
  11 wights
  4 centaur zombies
  A jelly (D:6)
  A gnoll shaman (D:3)
  2 orc priests
  5 hounds
  3 bullfrog skeletons
  An iguana (D:6)
  9 orc wizards
  3 howler monkey zombies
  11 gnolls
  A howler monkey skeleton (D:6)
  2 adders
  A white imp (D:5)
  An ufetubus (D:5)
  5 worms
  2 dart slugs
  32 orcs
  8 ball pythons
  9 endoplasms
  4 giant cockroaches
  6 goblins
  7 hobgoblins
  4 jackals
  3 quokkas
  2 bats
  2 frilled lizards
  26 kobolds
  4 rats
253 creatures vanquished.

Vanquished Creatures (collateral kills)
  A dart slug (D:4)
  An endoplasm (D:4)
2 creatures vanquished.

Vanquished Creatures (others)
  An orc wizard (D:5)
1 creature vanquished.

Grand Total: 256 creatures vanquished

Notes
Turn   | Place    | Note
-------+----------+-------------------------------------------
     0 | D:1      | Majang the Ghoul Gladiator began the quest for the Orb.
     0 | D:1      | Reached XP level 1. HP: 17/17 MP: 0/0
   183 | D:1      | Reached skill level 3 in Axes
   184 | D:1      | Reached XP level 2. HP: 25/25 MP: 1/1
   411 | D:1      | Reached XP level 3. HP: 30/30 MP: 2/2
   423 | D:1      | Found a faded altar of an unknown god.
  1084 | D:2      | Reached XP level 4. HP: 33/38 MP: 3/3
  1412 | D:3      | Noticed a necrophage
  1426 | D:3      | Killed a necrophage
  1427 | D:3      | Reached skill level 4 in Axes
  1427 | D:3      | Reached XP level 5. HP: 18/46 MP: 4/4
  2122 | D:3      | Reached skill level 5 in Axes
  2122 | D:3      | Reached XP level 6. HP: 13/52 MP: 5/5
  2730 | D:4      | Noticed Eustachio
  3595 | D:3      | Killed Eustachio
  3596 | D:3      | Reached skill level 5 in Fighting
  3596 | D:3      | Reached skill level 6 in Axes
  3596 | D:3      | Reached XP level 7. HP: 61/61 MP: 6/6
  3665 | D:5      | Entered Level 5 of the Dungeon
  4015 | D:5      | Reached skill level 1 in Armour
  4276 | D:5      | Reached XP level 8. HP: 66/69 MP: 7/7
  4289 | D:5      | Reached skill level 7 in Axes
  5255 | D:6      | Noticed Sigmund
  5262 | D:6      | Killed Sigmund
  5364 | D:6      | HP: 3/70 [centaur/arrow (2)]
  5365 | D:6      | HP: 1/70 [centaur/arrow (1)]
  5779 | D:6      | Reached XP level 9. HP: 26/75 MP: 3/8
  6302 | D:6      | Found a staircase to the Ecumenical Temple.
  6311 | Temple   | Entered the Ecumenical Temple
  6492 | Temple   | Became a worshipper of Warmaster Okawaru
  7023 | D:7      | Reached skill level 8 in Axes
  7299 | D:7      | Reached skill level 1 in Invocations
  7600 | D:7      | Reached * piety under Okawaru
  8479 | D:8      | Reached ** piety under Okawaru
  8483 | D:8      | Noticed a troll
  8509 | D:8      | Killed a troll
  8510 | D:8      | Reached XP level 10. HP: 34/86 MP: 5/11
  8541 | D:8      | Reached skill level 5 in Dodging
  8912 | D:8      | Found a staircase to the Lair.
  9027 | D:8      | Reached skill level 9 in Axes
  9747 | D:9      | Found Punor's Antique Armour Boutique.
  9759 | D:9      | Bought a pair of gloves for 90 gold pieces
  9759 | D:9      | Bought a topaz-studded scale mail for 180 gold pieces
  9759 | D:9      | Identified the +0 scale mail of the Gloaming {*Corrode
                  | +Blink rPois} (You bought it in a shop on level 9 of the
                  | Dungeon)
  9774 | D:9      | Reached *** piety under Okawaru
  9909 | D:9      | Noticed a two-headed ogre
  9933 | D:8      | Killed a two-headed ogre
  9933 | D:8      | Received a gift from Okawaru
  9934 | D:8      | Reached skill level 5 in Throwing
 10228 | D:9      | Found a burning altar of Makhleb.
 10571 | D:10     | Entered Level 10 of the Dungeon
 10590 | D:10     | Found a staircase to the Orcish Mines.
 10622 | D:10     | Reached **** piety under Okawaru
 10938 | D:10     | Reached skill level 5 in Armour
 11266 | D:10     | Reached XP level 11. HP: 94/94 MP: 11/13
 11411 | D:10     | Found a snail-covered altar of Cheibriados.
 11459 | D:10     | Noticed a deep troll
 11459 | D:10     | a shapeshifter changed into a deep troll
 11461 | D:10     | a deep troll changed into a torpor snail
 11470 | D:10     | Reached skill level 10 in Axes
 11474 | D:10     | Received a gift from Okawaru
 11490 | D:10     | Reached skill level 5 in Invocations
 12799 | D:11     | Reached ***** piety under Okawaru
 12842 | D:11     | Noticed a purple ugly thing
 12846 | D:11     | Noticed a cyclops
 12856 | D:11     | Killed a cyclops
 12856 | D:11     | Received a gift from Okawaru
 12867 | D:11     | Killed a purple ugly thing
 12977 | D:11     | Found Fofraed's Fabulous Fripperies.
 13127 | D:11     | Noticed a death knight
 13127 | D:11     | Noticed a skeletal warrior
 13872 | D:11     | Noticed a skeletal warrior
 13884 | D:11     | HP: 2/95 [skeletal warrior[a death knight] (7)]
 13885 | D:11     | Slain by a wraith

Illustrated notes

Levels and vault maps discovered:
D:1:      minmay_arrival_radiant_lines, layout_basic,
          ebering_ecumenical_altar_box, minivault_24, minmay_pentomino_t4
D:2:      layout_rooms, minmay_distorted
D:3:      layout_basic
D:4:      layout_rooms, nicolae_underground_beach, uniq_eustachio
D:5:      layout_gridville
D:6:      layout_loops_ring, zin_scriptorium, lemuel_temple_firewalk_a,
          abandoned_shop, uniq_sigmund
D:7:      layout_loops_ring, minmay_misc_feat_hallway
D:8:      layout_loops_ring, erik_lair_island, nrook_mini_vaults,
          minmay_statues_item
D:9:      layout_big_octagon, general_overflow_altar, serial_shops,
          nicolae_shop_trees, dk_rats_in_the_wall
D:10:     layout_grid_maze, gammafunk_temple_overflow_pools,
          kennysheep_orc_monster_closet_entryway
D:11:     minmay_gate_of_8, layout_basic, nicolae_alphabet_shops,
          minmay_misc_feat_columns, grunt_decor_one_mirror
Temple:   hc_temple_tempest_star

Skill      XL: |  1  2  3  4  5  6  7  8  9 10 11 |
---------------+----------------------------------+-----
Axes           | 3 4 5 6 7 8 9 10 | 10.6
Fighting       | 3 4 5 6 7 8 |  8.8
Throwing       | 2 3 4 5 6 |  6.1
Armour         | 1 2 4 5 |  5.8
Dodging        | 3 4 5 6 |  6.4
Invocations    | 2 4 5 |  5.7

Action                   |  1- 3 |  4- 6 |  7- 9 | 10-12 || total
-------------------------+-------+-------+-------+-------++-------
Melee: War axe           |    74 |   160 |   370 |   412 ||  1016
Throw: Throwing net      |     1 |     5 |     3 |     4 ||    13
       Javelin           |       |     5 |     2 |     5 ||    12
       Boomerang         |       |       |       |    14 ||    14
       Dart              |       |       |       |     1 ||     1
Invok: Heroism           |       |       |       |     2 ||     2
Evoke: Wand              |       |       |       |    17 ||    17
  Use: Scroll            |       |    11 |     6 |     3 ||    20
       Potion            |       |       |     3 |     2 ||     5
 Stab: Held in net/web   |       |     1 |     2 |       ||     3
       Petrified         |       |       |     3 |       ||     3
Armor: Leather armour    |    14 |       |       |       ||    14
       Ring mail         |     6 |    67 |       |       ||    73
       Plate armour      |       |       |    34 |   156 ||   190
       Chain mail        |       |       |   163 |    72 ||   235
Dodge: Dodged            |    49 |   134 |   227 |   273 ||   683

Table legend: (Time is in decaauts)
 A = Elapsed time spent in this place.
 B = Non-inter-level travel time spent in this place.
 C = Inter-level travel time spent in this place.
 D = Time resting spent in this place.
 E = Time spent auto-exploring this place.
 F = Levels seen in this place.
 G = Mean time per level.
                   A        B        C        D        E       F      G
               +--------+--------+--------+--------+--------+-----+--------+
         Total |  14018 |  13407 |    611 |   4870 |   5672 |  12 | 1168.2 |
       Dungeon |  13828 |  13217 |    611 |   4870 |   5672 |  11 | 1257.1 |
        Temple |    190 |    190 |      0 |      0 |      0 |   1 |  190.0 |
               +--------+--------+--------+--------+--------+-----+--------+

Top non-repeatable levels by time:
    D:10: 2201 daAuts
     D:3: 1837 daAuts
     D:8: 1786 daAuts
     D:6: 1705 daAuts
     D:9: 1599 daAuts
     D:5: 1257 daAuts
     D:7: 1091 daAuts
     D:1: 801 daAuts
     D:4: 666 daAuts
    D:11: 443 daAuts
     D:2: 436 daAuts
  Temple: 190 daAuts
